[Event "26th Womens ECCC 2022"]
[Site "Mayrhofen"]
[Date "2022.10.08"]
[Round "6.26"]
[White "Federovski, Adi"]
[Black "Schloffer, Jasmin-Denise"]
[Result "0-1"]
[ECO "C77"]
[WhiteElo "1967"]
[BlackElo "2086"]
[Annotator "TA"]
[PlyCount "186"]
[EventDate "2022.10.03"]
[EventType "team-tourn"]
[EventCountry "AUT"]
[SourceTitle "playchess.com"]
[Source "ChessBase"]
[SourceQuality "1"]
[TimeControl "40/5400+30:1800+30"]

1. e4 e5 2. Nf3 Nc6 3. Bb5 a6 4. Ba4 Nf6 5. d3 b5 6. Bb3 Be7 7. O-O d6 8. c3 O-O 9. Nbd2 Na5 10. Bc2 c5 11. Re1 Nc6 12. Nf1 Be6 {[%emt 0:00:05] Recently 12...h6 got a lot of attention.} 13. Ne3 Qc7 14. Ng5 {[%emt 0:01:36] C90: Closed Ruy Lopez with 7...d6: Early deviations.} Bd7 15. Nd5 Qd8 16. Nxe7+ {[%emt 0:01:21] [#] The position is equal.} Nxe7 $146 (16... Qxe7 17. f4 h6 18. Nf3 Rac8 19. h3 Nh7 20. Qe2 g5 21. fxg5 hxg5 22. Nh2 Kg7) ({Predecessor:} 16... Qxe7 17. f4 h6 18. Nf3 Rac8 19. h3 Nh7 20. Qe2 g5 21. fxg5 hxg5 22. Nh2 Kg7 {1-0 (42) Pavlov,M-Nordfjord,S Krakow 1964}) 17. h3 Ng6 18. d4 Qc7 19. Nf3 Rfc8 20. a4 $2 (20. d5 $14 {stays ahead.}) 20... cxd4 $17 21. axb5 Bxb5 (21... dxc3 $19 22. Rb1 cxb2 23. Rxb2 axb5) 22. Bb3 dxc3 23. bxc3 h6 {[%emt 0:06:45] Prevents Bg5.} 24. Ba3 Rd8 ({Don't play} 24... Qxc3 $6 25. Bxd6 Bc4 26. Ba4 $11) 25. c4 Bc6 ({Worse is} 25... Bxc4 26. Qc2 Rdc8 27. Rec1 Bxb3 28. Qxc7 Rxc7 29. Rxc7 $15) 26. Qc2 Qb7 27. Nd2 Nf4 28. Rab1 Qe7 {[%emt 0:02:54] Black has more active pieces.} 29. Nf3 Nd7 30. Ba4 Bxa4 31. Qxa4 Qf6 $40 {[%emt 0:03:42][%cal Of4h3][%mdl 128] Black attacks with force.} 32. Re3 {[%emt 0:05:44] [#]} Qg6 $1 33. Ne1 Nc5 34. Bxc5 dxc5 35. Qa5 Qd6 36. Nf3 Rab8 {[%emt 0:04:36] Against Rb6} 37. Ra1 Rd7 (37... Rb2 $19 {Strongly threatening ...Kh7.} 38. Nxe5 Rdb8) 38. Qa4 (38. Qxa6 $17 Qxa6 39. Rxa6) 38... Rb4 39. Qc2 (39. Qxa6 $17 Qxa6 40. Rxa6) 39... Rdb7 40. Rd1 (40. Ne1 $142) 40... Qg6 $19 41. Ne1 Rb2 42. Qa4 Rb8 {[%emt 0:00:16] Inhibits Qe8+.} (42... Kh7 $19 {and Black stays clearly on top. Threatens to win with ...R7b4.} 43. Qa5 R7b6) 43. Qd7 $17 Re2 44. Rxe2 Nxe2+ 45. Kf1 Qxe4 {[%emt 0:04:12] Hoping for ...Nf4.} 46. Qd3 Qxd3 47. Nxd3 {[%emt 0:01:16][%mdl 4096] Endgame KRN-KRN} Nc3 48. Re1 ({Better is} 48. Ra1) 48... f6 49. Nxc5 Rc8 50. Nxa6 Rxc4 51. Rc1 Ne4 52. Rxc4 Nd2+ 53. Ke2 Nxc4 {[%emt 0:00:02] KN-KN} 54. Nc5 Nd6 55. Ke3 Kf7 56. f4 exf4+ 57. Kxf4 g5+ 58. Kf3 f5 59. Nd3 Ke6 60. Nc5+ (60. g4 $11 {keeps the balance.}) 60... Kd5 61. Nd7 Nf7 {[%emt 0:02:02] White must now prevent ...Ne5+.} 62. Nb6+ Kd4 63. g3 Ne5+ 64. Kf2 f4 65. gxf4 gxf4 66. Nc8 Nf7 {[%emt 0:01:49] Prevents Nd6.} (66... Nc4 67. Ne7 Ke5) ({Black should try} 66... Kd5 $17 67. Ne7+ Ke6) 67. Ne7 {[%emt 0:00:35] [#]} (67. Kf3) (67. Kf3 $11 {was the only way to keep the balance.}) 67... Ke5 $1 {[%emt 0:00:58] And now ...h5 would win.} 68. Ng6+ $2 {[%emt 0:00:41][%mdl 8192] Loses the game.} (68. Kf3) (68. Kf3 $17) 68... Ke4 $19 {[%emt 0:00:30] ( -> ...Ne5)} 69. h4 h5 {[%emt 0:01:27] Black mates.} 70. Ne7 Ne5 71. Nc8 Ng6 (71... Kf5 72. Nd6+ Kg4) 72. Nd6+ Ke5 73. Nf7+ Kf5 74. Nh6+ Ke4 75. Ng8 Ke5 76. Nh6 Nxh4 77. Ke2 Ke4 78. Ng8 Kf5 79. Ne7+ Kg4 80. Kf2 Nf5 81. Ng6 Nd4 82. Kg2 Ne6 83. Kf2 Ng5 84. Kg2 h4 85. Ne5+ Kf5 86. Nd3 Ke4 87. Nf2+ Ke3 88. Ng4+ Ke2 89. Kh2 f3 90. Kg1 Ne4 91. Nh2 Ng3 92. Ng4 Ke1 93. Kh2 f2 {[%emt 0:00:43] Weighted Error Value: White=0.23 (precise) /Black=0.22 (precise)} 0-1

[Event "26th Womens ECCC 2022"]
[Site "Mayrhofen"]
[Date "2022.10.08"]
[Round "6.27"]
[White "Schnegg, Anna-Lena"]
[Black "Reprun, Nadejda"]
[Result "0-1"]
[ECO "A00"]
[WhiteElo "2154"]
[BlackElo "1968"]
[Annotator "TA"]
[PlyCount "74"]
[EventDate "2022.10.03"]
[EventType "team-tourn"]
[EventCountry "AUT"]
[SourceTitle "playchess.com"]
[Source "ChessBase"]
[SourceQuality "1"]
[TimeControl "40/5400+30:1800+30"]

1. g3 d5 2. Bg2 Nf6 3. Nf3 Bf5 4. O-O c6 5. d3 h6 6. Nbd2 e6 7. c3 Be7 {[%emt 0:03:43] A07: Réti Opening: New York and Capablanca Systems.} 8. Qc2 O-O 9. b3 Bh7 {[%emt 0:08:47] Black is slightly better.} 10. Bb2 {[%emt 0:00:42] [#]} Nbd7 $146 ({Predecessor:} 10... a5 11. a3 Nbd7 12. e4 Qc7 13. e5 Ne8 14. a4 b5 15. Ba3 Bxa3 16. Rxa3 b4 {½-½ (16) Lengyel,L-Liebert,H Polanica Zdroj 1966}) 11. Rad1 Qc7 12. Rfe1 Rfd8 13. Qc1 (13. c4 {looks sharper.} Bc5 14. a3 a5 15. Qc3) 13... a5 14. Ba3 Bxa3 15. Qxa3 b5 16. e4 Nb6 ({Black should play} 16... dxe4 $17 17. dxe4 Qb6) 17. e5 Nfd7 18. d4 c5 19. Qb2 c4 20. Bf1 Rdb8 21. Ra1 b4 (21... Qc8 $15) 22. Rec1 Rc8 23. a3 bxa3 24. Rxa3 Rcb8 25. Rca1 cxb3 (25... a4 $5 26. bxa4 Nxa4 $1 $11) 26. Rxb3 Nc4 27. Qa2 (27. Bxc4 $11 dxc4 28. Rxb8+ Nxb8 29. Ne1) 27... Rxb3 $17 28. Qxb3 Rb8 29. Qa4 (29. Qd1 $17) 29... Ndb6 ({Better is} 29... Nxd2 $19 30. Nxd2 Qxc3) 30. Qa2 {[%emt 0:00:58] [#]} Nxd2 $1 {[%emt 0:00:23] Black is more active.} 31. Qxd2 Be4 $36 {[%emt 0:00:07][%mdl 2048] Keeping White busy.} 32. Ne1 Rc8 33. Rxa5 $2 {[%emt 0:00:42][%mdl 8192] Loses the game.} (33. f3 $15 Bg6 34. Ra3) 33... Nc4 $19 {[%emt 0:00:24][%mdl 64] Discovered Attack} 34. Bxc4 {[%emt 0:00:32] And now Rc5 would win.} Qxa5 35. Bd3 Qxc3 36. Qe3 (36. Qxc3 {was forced.} Rxc3 37. Be2) 36... Bxd3 37. Nxd3 Rc4 {[%emt 0:00:26] Weighted Error Value: White=0.57/Black=0.24 (precise)} 0-1

[Event "26th Womens ECCC 2022"]
[Site "Mayrhofen"]
[Date "2022.10.08"]
[Round "6.28"]
[White "Vardi, Shlomit"]
[Black "Wu, Min"]
[Result "1-0"]
[ECO "C50"]
[WhiteElo "1769"]
[BlackElo "1934"]
[Annotator "TA"]
[PlyCount "143"]
[EventDate "2022.10.03"]
[EventType "team-tourn"]
[EventCountry "AUT"]
[SourceTitle "playchess.com"]
[Source "ChessBase"]
[SourceQuality "1"]
[TimeControl "40/5400+30:1800+30"]

1. e4 e5 2. Nf3 Nc6 3. Bc4 Nf6 4. d3 Bc5 5. c3 a6 6. Bb3 Ba7 7. O-O O-O 8. Re1 d6 9. Nbd2 Ng4 10. Rf1 {[%emt 0:04:24] C54: Giuoco Piano: 4 c3 Nf6, main lines with 5 d4 and 5 d3.} Kh8 11. h3 Nh6 12. Nc4 {[%emt 0:09:19] The position is equal.} f5 13. exf5 (13. Be3 $11) 13... Nxf5 $15 14. Ne3 Nh4 15. Nh2 {[%emt 0:00:40] [#]} (15. Nxh4 $15 Qxh4 16. Bd5) 15... Ng6 $146 ({Predecessor:} 15... Qg5 16. Bd5 Bxh3 17. Neg4 Bxg4 18. Bxg5 Bxd1 19. Raxd1 Ng6 20. g3 h6 21. Be3 Bxe3 22. fxe3 {0-1 (47) Ribeiro,F (2340)-Korneev,O (2565) Las Palmas 1997}) 16. Nd5 Be6 17. Qh5 (17. a4 $15) 17... Rf5 18. Qd1 Na5 19. Ne3 Nxb3 20. axb3 Rf7 21. Nf3 Nf4 {[%emt 0:07:25] [#] Hoping for ...Qf6.} 22. h4 $2 (22. Nc4 $17 {is a better defense.}) 22... h6 $19 23. Kh2 Qf6 24. d4 e4 25. Nd2 (25. g3 $142 exf3 26. Qxf3) 25... Qxh4+ 26. Kg1 Nd3 (26... d5 $142 27. g3 Qg5 28. Nxe4 dxe4) 27. g3 Qe7 28. Nxe4 Nxc1 29. Rxc1 Bh3 30. Qd3 Bxf1 31. Rxf1 Re8 32. Nd2 c6 33. Qg6 d5 34. Kg2 Qf6 {[%emt 0:01:11] Against Nf3} 35. Qh5 (35. Qxf6 $142 Rxf6 36. Nf3) 35... Bb8 36. Nf3 Kg8 37. Nd2 Re6 38. b4 Qg6 39. Qh3 (39. Qxg6 Rxg6 40. Rh1) 39... Re8 40. Nf3 Qe4 41. Qg4 Ref8 $2 (41... Qh7 $19 {has better winning chances. Threatens to win with ...h5.} 42. Qh3 Bc7) 42. Qxe4 $17 dxe4 43. Nd2 Re8 44. Re1 g6 45. Ng4 Kg7 46. Nxe4 h5 47. Nh2 Rf5 ({Black should play} 47... Rfe7 48. f3 g5) 48. Nf3 a5 {[%emt 0:01:05] [#]} ({Black should try} 48... Re7 $17) 49. bxa5 (49. Nd6 $1 $11 {remains equal.} Rxe1 50. Nxf5+ gxf5 51. Nxe1 axb4 52. c4) 49... Rxa5 50. b4 Ra2 51. Nfg5 Bc7 52. Nf3 Kh6 53. Re3 Re7 54. Nfg5 b6 55. Rf3 Re2 56. Nf7+ $2 (56. Rf6 $11) 56... Kg7 $19 57. Neg5 Rc2 $2 (57... Rb2 $19 {White must now prevent ...b5.} 58. Kg1 Rd2) 58. b5 $1 $15 cxb5 {[%emt 0:00:42] ...Rd2 is the strong threat.} 59. d5 Rd2 60. Ne6+ {[%emt 0:00:00] Pair of Knights!} Kg8 $2 (60... Kh7 $1 $11) 61. Nfg5 $18 Rxe6 62. dxe6 {[%emt 0:00:00][%mdl 4096] Endgame KRB-KRN} Re2 $2 (62... Bd8 $16 {might work better.} 63. Nf7 Rd5) 63. Rf6 {[%emt 0:00:00] Strongly threatening Kf1.} Bd8 64. Rxg6+ Kf8 65. Kf1 Rc2 66. Ne4 Be7 67. f4 {[%emt 0:00:37][%cal Bf2f4,Bf4f5,Bf5f6][%mdl 32] aiming for f5.} b4 $2 (67... h4 68. f5 h3) 68. cxb4 Rc4 69. Ng5 Bxb4 70. f5 Rc5 71. f6 {[%emt 0:01:03] Intending Nh7+ and mate.} Rf5+ 72. Kg2 {[%emt 0:00:09] Weighted Error Value: White=0.45/Black=0.52} (72. Kg1 $142 Rxf6 73. Rxf6+ Ke8 74. Kf2 Bf8 75. Rf7 Bc5+ 76. Kf3 Bb4 77. Ne4) 1-0

[Event "26th Womens ECCC 2022"]
[Site "Mayrhofen"]
[Date "2022.10.08"]
[Round "6.29"]
[White "Enkhtuul, Altan-Ulzii"]
[Black "Peglau, Charis"]
[Result "1-0"]
[ECO "A05"]
[WhiteElo "2295"]
[BlackElo "1960"]
[Annotator "TA"]
[PlyCount "118"]
[EventDate "2022.10.03"]
[EventType "team-tourn"]
[EventCountry "AUT"]
[SourceTitle "playchess.com"]
[Source "ChessBase"]
[SourceQuality "1"]
[TimeControl "40/5400+30:1800+30"]

1. Nf3 Nf6 2. g3 g6 3. Bg2 Bg7 4. O-O O-O 5. d4 d5 6. Nbd2 c6 7. Re1 {[%emt 0:00:23] D02: 1 d4 d5 2 Nf3 sidelines, including 2...Nf6 3 g3 and 2...Nf6 3 Bf4.} Bf5 8. Nh4 Nbd7 {[%emt 0:01:00] [#]} 9. Nf1 $146 (9. Nxf5 $14 gxf5 10. b3) ({Predecessor:} 9. f3 Qb6 10. Nxf5 gxf5 11. e3 e6 12. a4 c5 13. a5 Qc7 14. c3 Rfe8 15. f4 {0-1 (62) Gamarra,R (1957)-Chemin,J (2153) Maringa 2012}) 9... Nb6 (9... Be6 $11) 10. c3 ({White should try} 10. Nxf5 $14 gxf5 11. Nd2) 10... Nc4 11. Ne3 Nd6 12. Nexf5 Nxf5 13. Nxf5 gxf5 14. Bf4 Qd7 15. Qc1 Kh8 16. Be5 Rg8 17. c4 Ne4 18. f3 Nd6 19. cxd5 cxd5 20. Qf4 Nc4 {[%emt 0:02:21] aiming for ...f6.} 21. Bxg7+ Rxg7 22. b3 Nd6 23. Rac1 f6 24. Rc5 e6 25. Rec1 Qd8 26. a4 Ne8 27. Qe3 Re7 28. R1c2 Qd7 29. Qh6 Rg7 30. Qc1 {[%emt 0:00:16] White has more active pieces.} Re7 31. Bf1 a6 32. Qd2 Rd8 33. Kf2 Rg7 34. Qf4 Qd6 35. Qc1 Re7 36. Bh3 Kg7 37. Bf1 Kh8 38. Qh6 Rg7 39. Bh3 Kg8 40. Rc8 Rxc8 41. Rxc8 Qd7 42. Ra8 {[%emt 0:01:06] Strongly threatening Qxf6.} Rg6 43. Qf4 $40 {[%emt 0:00:00][%mdl 128] And now g4 would win. White has some attack.} Kf7 44. Qb8 Rg8 {[%emt 0:00:00] [#]} ({Better is} 44... Qe7 $14) 45. g4 $1 $16 fxg4 46. Bxg4 {[%emt 0:00:00] Threatens to win with Bh5+.} Rf8 $2 {[%emt 0:00:00][%mdl 8192] Loses the game.} (46... Kg7 $16) 47. Bh5+ $18 Ke7 48. Qg3 Qc6 49. Bxe8 Rxe8 {[%emt 0:00:00][%mdl 4096] Endgame KQR-KQR} 50. Qg7+ Kd6 {[%emt 0:00:00] [#]} 51. Rxe8 ({Worse is} 51. Ra7 Rb8 $11) 51... Qxe8 52. Qxb7 {[%emt 0:00:00] KQ-KQ} Qh5 53. Qxa6+ Kc7 54. Qa5+ Kb7 55. Qb4+ Kc7 56. Qe7+ {[%emt 0:00:00] White is clearly winning.} Kb8 57. Qd6+ Kb7 58. a5 Qh4+ 59. Ke3 {[%emt 0:00:00] White threatens Qd7+ and mate.} Qg5+ {[%emt 0:00:07] Weighted Error Value: White=0.13 (very precise) /Black=0.31} 1-0

[Event "26th Womens ECCC 2022"]
[Site "Mayrhofen"]
[Date "2022.10.08"]
[Round "6.30"]
[White "Peglau, Dora"]
[Black "Klek, Hanna Marie"]
[Result "0-1"]
[ECO "A06"]
[WhiteElo "1745"]
[BlackElo "2301"]
[Annotator "TA"]
[PlyCount "60"]
[EventDate "2022.10.03"]
[EventType "team-tourn"]
[EventCountry "AUT"]
[SourceTitle "playchess.com"]
[Source "ChessBase"]
[SourceQuality "1"]
[TimeControl "40/5400+30:1800+30"]

1. Nf3 d5 2. d4 e6 3. c4 a6 4. cxd5 exd5 5. Nc3 Be6 6. Bf4 {[%emt 0:01:22] D31: Queen's Gambit Declined: Semi-Slav without ...Nf6 (+ Marshall Gambit and Noteboom) and Exchange Variation lines without ...Nf6.} Bd6 7. Bg3 Nf6 8. e3 {[%emt 0:00:25] The position is equal.} O-O 9. Bd3 c6 {[%emt 0:02:16] [#]} 10. O-O $146 ({Predecessor:} 10. Qc2 h6 11. Ne5 Nh5 12. f4 Qc7 13. O-O Nxg3 14. hxg3 Nd7 15. f5 Bxe5 16. fxe6 Bxg3 17. exd7 Bh2+ 18. Kh1 Qg3 19. Rf3 Qg5 20. Kxh2 {1-0 (20) Zubov,A (2598)-Khabinets,I (1980) Chess.com INT 2021}) 10... Bg4 11. Qc2 Bxf3 12. gxf3 g6 13. Rad1 a5 14. Be2 Na6 15. e4 {[%emt 0:03:11] [#] And now e5 would win.} Nb4 16. Qb1 {[%emt 0:00:58] e5 is the strong threat.} Nh5 17. a3 Na6 (17... f5 $5 ) 18. Kh1 Bf4 19. b4 axb4 20. axb4 Nc7 21. b5 Qd6 22. Qc2 Ne6 {[%emt 0:01:48] Black is more active.} ({Much worse is} 22... Nxg3+ 23. fxg3 Bh6 24. bxc6 bxc6 25. f4 $11) 23. bxc6 bxc6 ({Reject} 23... Bxg3 24. fxg3 (24. cxb7 Bxh2 25. bxa8=N Rxa8 $11) 24... bxc6 25. f4 $14) 24. e5 $2 {[%emt 0:06:49] [#] Now White is beyond hope.} (24. Rd3 $17 {might work better.}) 24... Qb4 $19 25. Bxf4 Nhxf4 26. Qd2 Rfb8 27. Rfe1 Ra3 28. Nb1 (28. Rb1 Qf8 29. Bf1) 28... Qxd2 {[%emt 0:00:17] Black is clearly winning.} 29. Nxd2 Ra2 30. Bf1 Nxd4 {[%emt 0:00:23] Weighted Error Value: White=0.53/Black=0.13 (very precise)} 0-1

[Event "26th Womens ECCC 2022"]
[Site "Mayrhofen"]
[Date "2022.10.08"]
[Round "6.31"]
[White "Navrotescu, Andreea"]
[Black "Peglau, Mirjam"]
[Result "1-0"]
[ECO "A34"]
[WhiteElo "2287"]
[BlackElo "1886"]
[Annotator "TA"]
[PlyCount "43"]
[EventDate "2022.10.03"]
[EventType "team-tourn"]
[EventCountry "AUT"]
[SourceTitle "playchess.com"]
[Source "ChessBase"]
[SourceQuality "1"]
[TimeControl "40/5400+30:1800+30"]

1. c4 c5 2. Nc3 Nf6 3. Nf3 d5 4. cxd5 Nxd5 5. e4 Nb4 6. d4 cxd4 7. Bb5+ N8c6 8. a3 dxc3 9. Qxd8+ Kxd8 10. axb4 Bd7 {[%emt 0:38:03] A34: Symmetrical English: 2 Nc3, lines with ...d5.} ({Don't take} 10... Nxb4 11. O-O c2 12. Ne5 $14) (10... cxb2 $11 {remains equal.} 11. Bxb2 Bd7) 11. O-O (11. bxc3 $16 {Strongly threatening Be2.} g6 12. O-O) 11... cxb2 $11 12. Bxb2 f6 {[%emt 0:00:05] The position is equal.} 13. Rfd1 (13. Bc4 $14) 13... Ke8 14. Ba4 e5 15. b5 Nd8 {[%emt 0:05:22] [#]} 16. Nd2 $146 ({Predecessor:} 16. Rac1 Ne6 17. Rd5 Nf4 18. Rxd7 Kxd7 19. b6+ Ke6 20. Bb3+ Ke7 21. Rc7+ Kd8 22. Rxb7 axb6 23. Bc4 Ra4 24. Nd2 Kc8 25. Rf7 Bc5 26. g3 Rd8 27. Bc3 Rxc4 {0-1 (27) Rohde,M (2565)-Comp WChess Boston 1994}) 16... Bc5 17. Nc4 b6 18. Ne3 Ne6 19. Bb3 $1 Nc7 20. Nd5 (20. Bd5 $15 Nxd5 21. Nxd5) 20... Ne6 $2 ({Black should play} 20... Nxb5 $17 {...a5 is the strong threat.} 21. Ba4 Nd4 22. Nc7+ Ke7 23. Nxa8 (23. Bxd7 Kxd7 24. Nxa8 Rxa8 $15) 23... b5) 21. Bc4 $14 {[%emt 0:04:09][%mdl 1024] White has compensation.} Kd8 $2 {[%emt 0:02:08] [#]} ({Better is} 21... h5 $14) 22. Nxb6 $1 {[%mdl 512] Weighted Error Value: White=0.29 (precise) /Black=0.53} 1-0

[Event "26th Womens ECCC 2022"]
[Site "Mayrhofen"]
[Date "2022.10.08"]
[Round "6.32"]
[White "Peglau, Sarah"]
[Black "Schebacher, Solene"]
[Result "1-0"]
[ECO "A35"]
[WhiteElo "1794"]
[BlackElo "1866"]
[Annotator "NA RC COMBH"]
[PlyCount "51"]
[EventDate "2022.10.03"]
[EventType "team-tourn"]
[EventCountry "AUT"]
[SourceTitle "playchess.com"]
[Source "ChessBase"]
[SourceQuality "1"]
[TimeControl "40/5400+30:1800+30"]

1. Nf3 Nf6 2. c4 c5 3. Nc3 Nc6 4. e3 d6 5. d4 cxd4 6. exd4 g6 7. d5 Nb8 8. Be3 Bg7 9. h3 Nbd7 10. Be2 O-O 11. O-O Nc5 12. Rc1 a5 13. a3 Nfe4 14. Nxe4 Nxe4 15. Qc2 Nc5 16. b4 axb4 17. axb4 Bf5 18. Qd1 Nd7 19. g4 Bb2 20. gxf5 Bxc1 21. Bxc1 Qb6 22. Qd2 Rfc8 23. Qh6 Qxb4 24. Be3 Nf8 25. f6 exf6 26. Bd4 1-0

[Event "26th Womens ECCC 2022"]
[Site "Mayrhofen"]
[Date "2022.10.09"]
[Round "7.1"]
[White "Kashlinskaya, Alina"]
[Black "Danielian, Elina"]
[Result "1-0"]
[WhiteElo "2482"]
[BlackElo "2431"]
[Annotator "TA"]
[PlyCount "94"]
[EventDate "2022.10.03"]
[EventType "team-tourn"]
[EventCountry "AUT"]
[SourceTitle "playchess.com"]
[Source "ChessBase"]
[SourceQuality "1"]
[TimeControl "40/5400+30:1800+30"]

1. d4 Nf6 2. c4 e6 3. Nc3 Bb4 4. a3 Bxc3+ 5. bxc3 b6 6. f3 d5 7. cxd5 exd5 8. e3 O-O 9. Bd3 c5 10. Ne2 Ba6 11. O-O Bxd3 12. Qxd3 Re8 13. Ng3 Nc6 14. Bb2 h5 {[%emt 0:01:44] E49: Nimzo-Indian: Rubinstein: 5 Bd3 d5 6 a3 Bxc3+ 7 bxc3.} 15. Rae1 h4 16. Nf5 h3 {[%emt 0:00:05] The position is equal.} 17. Ng3 hxg2 (17... Ne7 {is interesting.} 18. e4 Ng6 19. Bc1 dxe4 20. fxe4 hxg2 21. Kxg2 Qd7) 18. Kxg2 cxd4 (18... Ne7 {looks sharper.} 19. e4 Ng6 20. Bc1 dxe4 21. fxe4 Qd7) 19. cxd4 {[%emt 0:00:23] [#]} Rc8 $146 (19... Ne7 $1 $11) ({Predecessor:} 19... Ne7 20. e4 Ng6 21. Kh1 Nf4 22. Qe3 N6h5 23. Rg1 g6 24. Nxh5 Nxh5 25. Rg5 Ng7 {½-½ (35) Lupini,S (2353)-Latronico,N (2428) ICCF email 2017}) 20. Kh1 (20. e4 {seems wilder.} dxe4 21. fxe4 Ne5 22. Qd1) 20... Qd7 21. e4 $1 dxe4 (21... Qh3 $11) 22. fxe4 $18 Ne5 23. Qe2 (23. Qb3 $1 $18 Ng6 24. d5) 23... Neg4 (23... Ng6 $16 {is a better defense.}) 24. Qg2 $1 Qa4 {[%emt 0:09:08] Strongly threatening ...Rc2.} 25. Re2 {[%emt 0:13:13] Inhibits Rc2.} Rc2 26. Rxc2 Ne3 27. Qf2 (27. Qg1 $1 $18 Qxc2 28. Rxf6 (28. Qxe3 Qxb2 29. Rf2 Ng4 $11) 28... gxf6 29. Nf5+ Ng2 30. Qxg2+ Qxg2+ 31. Kxg2 Rxe4 32. Kf3) 27... Qxc2 $16 28. Qxc2 Nxc2 {[%emt 0:00:04] Pair of Knights!} 29. Rc1 Ne3 30. d5 $1 Nfg4 {[%emt 0:03:38] [#]} 31. Kg1 $1 {[%emt 0:00:35] Inhibits Nf2. And now h3 would win.} b5 32. h3 Nc4 (32... Nf6 $16) 33. hxg4 (33. Rxc4 $1 $18 {is the precise move to win.} bxc4 34. hxg4) 33... Nxb2 $18 {[%emt 0:00:03][%mdl 4096] Endgame KRN-KRN} 34. Rb1 Nc4 35. Rxb5 Nxa3 {[%emt 0:00:07] [#]} (35... g6 $14) 36. Rc5 $1 $16 g6 $2 {[%emt 0:01:24][%mdl 8192] This move loses the game for Black.} (36... Kf8 $16) 37. d6 $18 Kf8 38. e5 {[%emt 0:01:35] Threatens to win with Ne4.} a6 39. Ne4 {[%emt 0:05:29] Black must now prevent Nf6.} Nb5 40. Rc4 {[%emt 0:00:22] Against Nd4. Nf6 is the strong threat.} Rd8 $2 (40... Rxe5 $2 41. Rc8+ Re8 42. d7 $18) (40... Na3 41. Rc6 Rd8) 41. g5 a5 42. Nf6 Na7 43. Kf2 Kg7 44. Ke3 Kf8 45. Ke4 (45. Kd4 $142 Kg7 46. Kd5 Rh8 47. d7 Rd8 48. Rc7 Kf8 49. Rxa7 Ke7 50. Kc6) 45... Nc8 46. Rc1 Na7 47. Kd5 Nb5 {[%emt 0:00:05] Weighted Error Value: White=0.16 (very precise) /Black=0.64} 1-0

[Event "26th Womens ECCC 2022"]
[Site "Mayrhofen"]
[Date "2022.10.09"]
[Round "7.2"]
[White "Ushenina, Anna"]
[Black "Kiolbasa, Oliwia"]
[Result "1/2-1/2"]
[ECO "D50"]
[WhiteElo "2445"]
[BlackElo "2404"]
[Annotator "TA"]
[PlyCount "65"]
[EventDate "2022.10.03"]
[EventType "team-tourn"]
[EventCountry "AUT"]
[SourceTitle "playchess.com"]
[Source "ChessBase"]
[SourceQuality "1"]
[TimeControl "40/5400+30:1800+30"]

1. d4 d5 2. c4 e6 3. Nc3 Nf6 4. Bg5 dxc4 5. e3 h6 6. Bh4 {[%emt 0:00:26] D50: Queen's Gambit Declined: Dutch-Peruvian Gambit.} c5 {[%emt 0:15:16] [#]} 7. dxc5 $146 ({Predecessor:} 7. Nf3 Nc6 8. Bxc4 cxd4 9. exd4 Be7 10. O-O O-O 11. Re1 a6 12. Bb3 b5 13. a3 {1-0 (30) Markos,J (2526)-Likavsky,T (2498) Banska Stiavnica 2006}) 7... Qxd1+ 8. Rxd1 {[%emt 0:00:02] The position is equal.} Bxc5 9. Bxc4 a6 10. Nf3 Nbd7 (10... b5 $5 11. Bxf6 gxf6 $11) 11. O-O b5 12. Be2 Bb7 13. Rc1 Rc8 14. Nd2 O-O 15. a3 Bd6 16. Bg3 Bxg3 17. hxg3 Nc5 18. Rc2 Rfd8 19. Rfc1 Rxd2 20. Rxd2 {[%emt 0:00:02][%cal Oc3b5] [#] Threatens to win with Nxb5!} Nb3 $1 21. Rcd1 {[%emt 0:00:03] Strongly threatening Rd8+.} Nxd2 22. Rxd2 Ne4 23. Nxe4 Bxe4 $11 {[%emt 0:00:05][%mdl 4096] Endgame KRB-KRB} 24. f3 Bd5 25. e4 Bc6 26. Rc2 {[%emt 0:07:07][%cal Oa3a4] With the idea a4!} Bd7 27. Rxc8+ Bxc8 {[%emt 0:00:03] KB-KB} 28. Kf2 e5 29. Ke3 Kf8 30. Kd3 Bd7 31. a4 a5 32. Bd1 {[%emt 0:00:34] [#]} (32. axb5 $11 Bxb5+ 33. Kd2) 32... Ke7 $1 $17 ({Much less strong is} 32... bxa4 33. Kc4 $11) 33. b3 {[%emt 0:00:32] Weighted Error Value: White=0.08 (flawless) /Black=0.02 (flawless)} 1/2-1/2